APP
GREAT FALLS VOYAGERS @ BALTIMORE (APP) ORIOLES
05/22/2044
 
TOP OF THE 1ST
Great Falls Voyagers batting - Pitching for Baltimore (APP) Orioles : LHP Luis Perez
Pitching: LHP Luis Perez
Batting: RHB Josh Newby 0-0: Called Strike
0-1: Ball
1-1: Fly out, F3 (Popup, 3SF, EV 74.4 MPH)
Batting: RHB Andy Cotton 0-0: Ball
1-0: Called Strike
1-1: Called Strike
1-2: Ball
2-2: SINGLE (Groundball, 56S, EV 70.0 MPH) (infield hit)
Batting: LHB Carlos Ramirez 0-0: Called Strike
0-1: Called Strike
0-2: Ball
1-2: Strikes out looking
Batting: RHB Chris LaMore 0-0: Ball
1-0: Ball
2-0: Called Strike
2-1: Foul Ball, location: 2F
2-2: SINGLE (Groundball, 34D, EV 97.5 MPH)
Andy Cotton to second
Runner from 2nd tries for 3rd, SAFE, no throw by RF
Batting: LHB Jose Duran 0-0: Ball
1-0: Ball
2-0: Fly out, F8 (Flyball, 8RM, EV 81.3 MPH)
Top of the 1st over - 0 runs, 2 hits, 0 errors, 2 left on base; Great Falls 0 - Baltimore (APP) 0
BOTTOM OF THE 1ST
Baltimore (APP) Orioles batting - Pitching for Great Falls Voyagers : LHP Phil Peterson
Pitching: LHP Phil Peterson
Batting: LHB Bill Ostlund 0-0: Ball
1-0: Fly out, F8 (Flyball, 8RXD, EV 93.1 MPH)
Batting: RHB Alex Valencia 0-0: Swinging Strike
0-1: Foul Ball, location: 2F
0-2: Ball
1-2: Ball
2-2: Ball
3-2: Foul Ball, location: 2F
3-2: Foul Ball, location: 2F
3-2: Foul Ball, location: 2F
3-2: Fly out, F9 (Flyball, 9D, EV 81.9 MPH)
Batting: RHB Jeremy Sipe 0-0: Called Strike
0-1: Called Strike
0-2: Ground out 1-3 (Groundball, P, EV 65.6 MPH)
Bottom of the 1st over - 0 runs, 0 hits, 0 errors, 0 left on base; Great Falls 0 - Baltimore (APP) 0
TOP OF THE 2ND
Great Falls Voyagers batting - Pitching for Baltimore (APP) Orioles : LHP Luis Perez
Batting: RHB Tommy Ellington 0-0: Ground out 5-3 (Groundball, 56S, EV 66.9 MPH)
Batting: SHB Matt Childers 0-0: Ball
1-0: Called Strike
1-1: Ball
2-1: Foul Ball, location: 2F
2-2: Strikes out looking
Batting: LHB Josh Pittman 0-0: Ball
1-0: Ball
2-0: Ball
3-0: Base on Balls
Batting: RHB Billy Grubbs 0-0: Ball
1-0: Called Strike
1-1: Swinging Strike
1-2: Strikes out looking
Top of the 2nd over - 0 runs, 0 hits, 0 errors, 1 left on base; Great Falls 0 - Baltimore (APP) 0
BOTTOM OF THE 2ND
Baltimore (APP) Orioles batting - Pitching for Great Falls Voyagers : LHP Phil Peterson
Batting: RHB Mike Zepeda 0-0: Ball
1-0: Ball
2-0: Called Strike
2-1: Ball
3-1: Base on Balls
Batting: RHB Fernando Bravo 0-0: Ball
1-0: Foul Ball, location: 2F
1-1: Ball
2-1: Called Strike
Mike Zepeda steals 2nd base
2-2: Foul Ball, location: 2F
2-2: Ground out 5-3 (Groundball, 56, EV 88.1 MPH)
Batting: RHB Ryan Vest 0-0: Called Strike
0-1: Hit by Pitch
Batting: LHB Tomas de Zeeuw 0-0: Foul Ball, location: 2F
0-1: Ball
1-1: Ball
2-1: Foul Ball, location: 2F
2-2: Strikes out swinging
Batting: RHB Matt Foster 0-0: Called Strike
0-1: Ground out 4-3 (Groundball, 4, EV 107.5 MPH)
Bottom of the 2nd over - 0 runs, 0 hits, 0 errors, 2 left on base; Great Falls 0 - Baltimore (APP) 0
TOP OF THE 3RD
Great Falls Voyagers batting - Pitching for Baltimore (APP) Orioles : LHP Luis Perez
Batting: RHB Josh Newby 0-0: Ball
1-0: Foul Ball, location: 2F
1-1: Ball
2-1: Fly out, F6 (Flyball, 56D, EV 90.6 MPH)
Batting: RHB Andy Cotton 0-0: Called Strike
0-1: Ball
1-1: Foul Ball, location: 2F
1-2: Foul Ball, location: 2F
1-2: Foul Ball, location: 2F
1-2: Ball
2-2: Strikes out looking
Batting: LHB Carlos Ramirez 0-0: Ball
1-0: Ball
2-0: Foul Ball, location: 2F
2-1: Reached on error, E6 (Groundball, 6, EV 93.8 MPH)
Batting: RHB Chris LaMore 0-0: Called Strike
0-1: Swinging Strike
0-2: Fielders Choice at 2nd, 6-4 (Groundball, 4M, EV 83.8 MPH)
Top of the 3rd over - 0 runs, 0 hits, 1 error, 1 left on base; Great Falls 0 - Baltimore (APP) 0
BOTTOM OF THE 3RD
Baltimore (APP) Orioles batting - Pitching for Great Falls Voyagers : LHP Phil Peterson
Batting: RHB Danny Ayala 0-0: Called Strike
0-1: Ball
1-1: Ball
2-1: DOUBLE (Line Drive, 7LM, EV 106.9 MPH)
Batting: LHB Bill Ostlund 0-0: Ball
1-0: Ball
2-0: Ball
3-0: Called Strike
3-1: Fly out, F8 (Flyball, 8LXD, EV 101.9 MPH)
Runner from 2nd tags up, SAFE at 3rd, no throw by CF
Batting: RHB Alex Valencia 0-0: Ball
1-0: Foul Ball, location: 2F
1-1: SINGLE (Flyball, 89M, EV 96.9 MPH)
Danny Ayala scores
Batting: RHB Jeremy Sipe 0-0: Ball
1-0: Ball
2-0: Fielders Choice at 2nd, 4-6 (Groundball, 4, EV 80.0 MPH)
Batting: RHB Mike Zepeda 0-0: Ball
1-0: Ball
2-0: Called Strike
2-1: Ball
Jeremy Sipe steals 2nd base (no throw)
3-1: Foul Ball, location: 2F
3-2: Ground out 4-3 (Groundball, 4M, EV 108.1 MPH)
Bottom of the 3rd over - 1 run, 2 hits, 0 errors, 1 left on base; Great Falls 0 - Baltimore (APP) 1
TOP OF THE 4TH
Great Falls Voyagers batting - Pitching for Baltimore (APP) Orioles : LHP Luis Perez
Batting: LHB Jose Duran 0-0: Ball
1-0: Ball
2-0: Called Strike
2-1: Called Strike
2-2: Foul Ball, location: 2F
2-2: Ground out 6-3 (Groundball, 6S, EV 68.8 MPH)
Batting: RHB Tommy Ellington 0-0: Called Strike
0-1: Ground out 6-3 (Groundball, 56, EV 76.9 MPH)
Batting: SHB Matt Childers 0-0: Called Strike
0-1: Ball
1-1: Foul Ball, location: 2F
1-2: Ball
2-2: Fly out, F9 (Flyball, 9S, EV 90.6 MPH)
Top of the 4th over - 0 runs, 0 hits, 0 errors, 0 left on base; Great Falls 0 - Baltimore (APP) 1
BOTTOM OF THE 4TH
Baltimore (APP) Orioles batting - Pitching for Great Falls Voyagers : LHP Phil Peterson
Batting: RHB Fernando Bravo 0-0: Called Strike
0-1: Ball
1-1: Ball
2-1: Fly out, F8 (Flyball, 89M, EV 76.3 MPH)
Batting: RHB Ryan Vest 0-0: Ball
1-0: Foul Ball, location: 2F
1-1: Ball
2-1: Called Strike
2-2: Ball
3-2: Ground out 3-1 (Groundball, 34, EV 106.9 MPH)
Batting: LHB Tomas de Zeeuw 0-0: Ball
1-0: Swinging Strike
1-1: Ball
2-1: Ball
3-1: Foul Ball, location: 2F
3-2: Ground out 4-3 (Groundball, 4, EV 81.9 MPH)
Bottom of the 4th over - 0 runs, 0 hits, 0 errors, 0 left on base; Great Falls 0 - Baltimore (APP) 1
TOP OF THE 5TH
Great Falls Voyagers batting - Pitching for Baltimore (APP) Orioles : LHP Luis Perez
Batting: LHB Josh Pittman 0-0: Ball
1-0: Ball
2-0: Foul Ball, location: 2F
2-1: Fly out, F4 (Popup, 4, EV 70.0 MPH)
Batting: RHB Billy Grubbs 0-0: Ball
1-0: Ball
2-0: Foul Ball, location: 2F
2-1: Foul Ball, location: 2F
2-2: Foul Ball, location: 2F
2-2: Ball
3-2: Base on Balls
Pitching: RHP Steve Webb
Batting: RHB Josh Newby 0-0: Called Strike
Billy Grubbs is caught stealing 2nd base 2-4
0-1: Ball
1-1: Foul Ball, location: 2F
1-2: Strikes out swinging, 2-3 out at first.
Top of the 5th over - 0 runs, 0 hits, 0 errors, 0 left on base; Great Falls 0 - Baltimore (APP) 1
BOTTOM OF THE 5TH
Baltimore (APP) Orioles batting - Pitching for Great Falls Voyagers : LHP Phil Peterson
Batting: RHB Matt Foster 0-0: Foul Ball, location: 2F
0-1: Ball
1-1: Foul Ball, location: 2F
1-2: Strikes out swinging
Batting: RHB Danny Ayala 0-0: Called Strike
0-1: Ball
1-1: Ground out 4-3 (Groundball, 4, EV 106.3 MPH)
Batting: LHB Bill Ostlund 0-0: Ball
1-0: SINGLE (Groundball, 4MD, EV 103.8 MPH)
Batting: RHB Alex Valencia 0-0: Ball
Bill Ostlund steals 2nd base
1-0: Called Strike
1-1: Foul Ball, location: 2F
1-2: Ball
2-2: Foul Ball, location: 2F
2-2: Ground out 6-3 (Groundball, 6D, EV 108.1 MPH)
Bottom of the 5th over - 0 runs, 1 hit, 0 errors, 1 left on base; Great Falls 0 - Baltimore (APP) 1
TOP OF THE 6TH
Great Falls Voyagers batting - Pitching for Baltimore (APP) Orioles : RHP Steve Webb
Batting: RHB Andy Cotton 0-0: Ball
1-0: Called Strike
1-1: Foul Ball, location: 2F
1-2: Ball
2-2: Ball
3-2: Foul Ball, location: 2F
3-2: Ground out 5-3 (Groundball, 56, EV 92.5 MPH)
Batting: LHB Carlos Ramirez 0-0: Called Strike
0-1: Called Strike
0-2: Foul Ball, location: 2F
0-2: Strikes out swinging
Batting: RHB Chris LaMore 0-0: Ball
1-0: Ball
2-0: Fly out, F8 (Flyball, 8RD, EV 95.0 MPH)
Top of the 6th over - 0 runs, 0 hits, 0 errors, 0 left on base; Great Falls 0 - Baltimore (APP) 1
BOTTOM OF THE 6TH
Baltimore (APP) Orioles batting - Pitching for Great Falls Voyagers : LHP Phil Peterson
Batting: RHB Jeremy Sipe 0-0: Ball
1-0: Called Strike
1-1: Fly out, F7 (Line Drive, 7, EV 104.4 MPH)
Batting: RHB Mike Zepeda 0-0: Ball
1-0: Called Strike
1-1: Swinging Strike
1-2: Strikes out swinging
Batting: RHB Fernando Bravo 0-0: Ball
1-0: Foul Ball, location: 2F
1-1: Foul Ball, location: 2F
1-2: SINGLE (Line Drive, 8RM, EV 87.5 MPH)
Pitching: RHP Brian Wesolek
Batting: RHB Ryan Vest 0-0: Ball
1-0: Foul Ball, location: 2F
1-1: Fielders Choice at 2nd, 5-4 (Groundball, 56, EV 83.8 MPH)
Bottom of the 6th over - 0 runs, 1 hit, 0 errors, 1 left on base; Great Falls 0 - Baltimore (APP) 1
TOP OF THE 7TH
Great Falls Voyagers batting - Pitching for Baltimore (APP) Orioles : RHP Steve Webb
Pitching: LHP Kyle Sheridan
Batting: LHB Jose Duran 0-0: Ball
1-0: Ball
2-0: Ground out 6-3 (Groundball, 6MS, EV 70.6 MPH)
Pitching: LHP Freddy Gutierrez
Batting: RHB Tommy Ellington 0-0: Ball
1-0: Ball
2-0: Ground out 6-3 (Groundball, 6, EV 101.3 MPH)
Batting: SHB Matt Childers 0-0: Foul Ball, location: 2F
0-1: Called Strike
0-2: Ball
1-2: Ball
2-2: Strikes out looking
Top of the 7th over - 0 runs, 0 hits, 0 errors, 0 left on base; Great Falls 0 - Baltimore (APP) 1
BOTTOM OF THE 7TH
Baltimore (APP) Orioles batting - Pitching for Great Falls Voyagers : RHP Brian Wesolek
Batting: LHB Tomas de Zeeuw 0-0: Ball
1-0: Called Strike
1-1: Swinging Strike
1-2: Strikes out swinging
Batting: RHB Matt Foster 0-0: Foul Ball, location: 2F
0-1: Called Strike
0-2: Ball
1-2: Strikes out swinging
Batting: RHB Danny Ayala 0-0: Ball
1-0: Called Strike
1-1: Foul Ball, location: 2F
1-2: Ball
2-2: SINGLE (Line Drive, 6D, EV 95.6 MPH)
Batting: LHB Bill Ostlund 0-0: Ball
1-0: Foul Ball, location: 2F
1-1: Swinging Strike
1-2: Ball
2-2: Fly out, F5 (Popup, 56, EV 59.4 MPH)
Bottom of the 7th over - 0 runs, 1 hit, 0 errors, 1 left on base; Great Falls 0 - Baltimore (APP) 1
TOP OF THE 8TH
Great Falls Voyagers batting - Pitching for Baltimore (APP) Orioles : LHP Freddy Gutierrez
Pinch Hitting: RHB Vic Lucatero 0-0: Ball
1-0: Ball
2-0: Fly out, F4 (Popup, 4S, EV 63.1 MPH)
Batting: RHB Billy Grubbs 0-0: Ball
1-0: Reached on error, E6 (Groundball, 6, EV 109.4 MPH)
Batting: RHB Josh Newby 0-0: Swinging Strike
0-1: Called Strike
0-2: Strikes out swinging
Batting: RHB Andy Cotton 0-0: Ball
Passed Ball!
Billy Grubbs to second
1-0: Fly out, F8 (Flyball, 89S, EV 96.3 MPH)
Top of the 8th over - 0 runs, 0 hits, 1 error, 1 left on base; Great Falls 0 - Baltimore (APP) 1
BOTTOM OF THE 8TH
Baltimore (APP) Orioles batting - Pitching for Great Falls Voyagers : RHP Brian Wesolek
Pitching: RHP Frank Gamez
Now in LF: Vic Lucatero
Batting: RHB Alex Valencia 0-0: Foul Ball, location: 2F
0-1: Called Strike
0-2: Ball
1-2: Ball
2-2: Ball
3-2: Ground out 4-3 (Groundball, 34D, EV 90.6 MPH)
Batting: RHB Jeremy Sipe 0-0: Ball
1-0: Ground out 6-3 (Groundball, 6, EV 85.6 MPH)
Batting: RHB Mike Zepeda 0-0: Foul Ball, location: 2F
0-1: Ground out 5-3 (Groundball, 56S, EV 90.6 MPH)
Bottom of the 8th over - 0 runs, 0 hits, 0 errors, 0 left on base; Great Falls 0 - Baltimore (APP) 1
TOP OF THE 9TH
Great Falls Voyagers batting - Pitching for Baltimore (APP) Orioles : LHP Freddy Gutierrez
Pitching: RHP Chris Kimura
Batting: LHB Carlos Ramirez 0-0: Called Strike
0-1: Ball
1-1: Ball
2-1: Ball
3-1: Called Strike
3-2: Base on Balls
Batting: RHB Chris LaMore 0-0: Ball
1-0: Ball
2-0: Ball
3-0: Called Strike
3-1: Fly out, F9 (Flyball, 9, EV 91.9 MPH)
Batting: LHB Jose Duran 0-0: 2-RUN HOME RUN (Flyball, 7D, EV 100.6 MPH), Distance : 393 ft
Batting: RHB Tommy Ellington 0-0: Ball
1-0: DOUBLE (Line Drive, 7LS, EV 100.6 MPH)
Batting: SHB Matt Childers 0-0: Swinging Strike
0-1: Ball
1-1: Foul Ball, location: 2F
1-2: Fly out, F9 (Flyball, 89M, EV 95.0 MPH)
Batting: RHB Vic Lucatero 0-0: Called Strike
0-1: Called Strike
0-2: Strikes out swinging
Top of the 9th over - 2 runs, 2 hits, 0 errors, 1 left on base; Great Falls 2 - Baltimore (APP) 1
BOTTOM OF THE 9TH
Baltimore (APP) Orioles batting - Pitching for Great Falls Voyagers : RHP Frank Gamez
Pitching: RHP Rick Sacket
Batting: RHB Fernando Bravo 0-0: Called Strike
0-1: Swinging Strike
0-2: Ball
1-2: Foul Ball, location: 2F
1-2: Ball
2-2: Foul Ball, location: 2F
2-2: Strikes out swinging
Pinch Hitting: LHB Antonio Cantu 0-0: Called Strike
0-1: Ball
1-1: Called Strike
1-2: Strikes out looking
Batting: LHB Tomas de Zeeuw 0-0: Ball
1-0: Ground out U3 (Groundball, 3, EV 99.4 MPH)
Bottom of the 9th over - 0 runs, 0 hits, 0 errors, 0 left on base; Great Falls 2 - Baltimore (APP) 1
Thursday, March 31st , 2022 - OOTP Baseball 22.12 Build 89